 Dungeon Crawl Stone Soup version 0.26-a0-227-g1af32d979d (webtiles) character file.

Game seed: 17276689039774702915

32 BritishOli the Slasher (level 3, 25/28 HPs)
             Began as a Demonspawn Gladiator on July 7, 2020.
             Got out of the dungeon alive.
             The game lasted 00:01:45 (1156 turns).

BritishOli the Slasher (Demonspawn Gladiator)       Turns: 1156, Time: 00:01:45

Health: 25/28      AC:  8    Str: 15    XL:     3   Next: 10%
Magic:  3/3        EV: 12    Int:  9    God:
Gold:   74         SH:  0    Dex: 14    Spells: 2/2 levels left

rFire    + . .     SeeInvis .   a - +0 long sword
rCold    . . .     Faith    .   (no shield)
rNeg     . . .     Spirit   .   e - +2 ring mail {rF+}
rPois    .         Reflect  .   c - +0 helmet
rElec    .         Harm     .   (no cloak)
rCorr    .                      (no gloves)
MR       .....                  (no boots)
Stlth    ++........             (no amulet)
HPRegen  0.09/turn              (no ring)
MPRegen  0.08/turn              (no ring)

@: no status effects
A: nightstalker 1, powered by death 1
a: no special abilities


You escaped.
You were not hungry.

You visited 1 branch of the dungeon, and saw 2 of its levels.

You collected 74 gold pieces.

Inventory:

Hand Weapons
 a - a +0 long sword (weapon)
Missiles
 d - 2 throwing nets (quivered)
Armour
 b - a +0 leather armour
 c - a +0 helmet (worn)
 e - a +2 ring mail of fire resistance (worn)
Jewellery
 g - a cursed -4 ring of strength {unknown}
Wands
 j - a wand of random effects (9)
Scrolls
 h - a scroll of enchant armour {unknown}
 l - a scroll of teleportation {unknown}
Potions
 i - a potion of heal wounds {unknown}
 k - a potion of berserk rage {unknown}
Comestibles
 f - 2 rations


   Skills:
 + Level 2.4 Fighting
 + Level 3.0 Long Blades
 - Level 2.0 Throwing
 + Level 1.0 Armour
 + Level 3.0 Dodging


You had 2 spell levels left.
You didn't know any spells.
Your spell library was empty.

Dungeon Overview and Level Annotations

Branches:
Dungeon (2/15)

Altars:
Nemelex Xobeh


Innate Abilities, Weirdness & Mutations

You are slightly more attuned to the shadows.
You regenerate a little health from kills.


Message History

You feel stronger.
Your demonic ancestry asserts itself...
You slip into the darkness of the dungeon.
You see here an adder corpse.
(D) Dungeon
Where to? (Enter - D:2 @ (x,y), ? - help)
You eat one of the 3 rations.
That ration really hit the spot!
You see here a leopard gecko corpse.
There is a stone staircase leading up here.
You climb upwards.
There is a stone staircase leading down here.
(D) Dungeon
Where to? (Enter - D:1, ? - help)
Okay, then.
There is an open door here.
There is a fountain of clear blue water here.
You see here 12 arrows.
There is an open door here.
There is a staircase leading out of the dungeon here.
Are you sure you want to leave the Dungeon?
This will make you lose the game!
You have escaped!

#################
#...............#
#.8.8.#+#'#.8.8.#
#########..8..#.@.#(.8..# #
.......##.8.8.#####.8.8.#########
.......##...............#........
........###...⌠...⌠...###.#######
..........##....8....##...#### #
...........##.⌠...⌠.##..#....# #
###...####..##.....##..##....# #
#######.##...###'###.........# #
.#......##.#.................# #


There were no monsters in sight!

Vanquished Creatures
  An adder (D:2)
  A dart slug (D:1)
  2 leopard geckos
  A giant cockroach (D:1)
  3 hobgoblins
  2 jackals (D:2)
  4 bats (D:1)
  A goblin (D:1)
  2 kobolds (D:1)
  3 rats (D:1)
20 creatures vanquished.

Notes
Turn   | Place    | Note
-------+----------+-------------------------------------------
     0 | D:1      | BritishOli the Demonspawn Gladiator began the quest for the
                  | Orb.
     0 | D:1      | Reached XP level 1. HP: 16/16 MP: 1/1
   169 | D:1      | Found a sparkling altar of Nemelex Xobeh.
   446 | D:1      | Gained mutation: You regenerate a little health from kills.
                  | [demonic ancestry]
   446 | D:1      | Reached XP level 2. HP: 20/22 MP: 2/2
  1080 | D:2      | Reached skill level 1 in Armour
  1080 | D:2      | Gained mutation: You are slightly more attuned to the
                  | shadows. [demonic ancestry]
  1080 | D:2      | Reached XP level 3. HP: 15/28 MP: 3/3
  1156 | D:$      | Got out of the dungeon alive.

Illustrated notes

Levels and vault maps discovered:
D:1:      ncdulo_halloftheorcs, layout_basic, roderic_lattice_a,
          nemelex_altar_shiori
D:2:      layout_basic, dancing_weapons_uskayaw

Skill      XL: |  1  2 |
---------------+-------+-----
Throwing       | 2 |  2.0
Long Blades    | 3 |  3.0
Armour         | 1 |  1.0
Dodging        | 3 |  3.0
Fighting       | |  2.4

Action                   || total
-------------------------++-------
Melee: Long sword        ||    65
Throw: Throwing net      ||     1
 Stab: Held in net/web   ||     2
  Eat: Ration            ||     1
Armor: Ring mail         ||    34
       Leather armour    ||     2
Dodge: Dodged            ||    44
       Rpst.: Long sword ||    17

Table legend:
 A = Non-vault XP
 B = Vault XP
 C = Vault XP percentage of total XP
 D = Non-vault monster count
 E = Vault monster count
 F = Vault count percentage of total count
                 A         B        C        D         E       F
            +---------+---------+-------+---------+---------+-------
      Total |      47 |       0 |   0.0 |      20 |       0 |   0.0
            +---------+---------+-------+---------+---------+-------
        D:1 |      25 |       0 |   0.0 |      15 |       0 |   0.0
        D:2 |      22 |       0 |   0.0 |       5 |       0 |   0.0
            +---------+---------+-------+---------+---------+-------
